 Dungeon Crawl Stone Soup version 0.28.0 (webtiles) character file.

Game seed: 10619978575285957448

54 Dirian the Skirmisher (level 3, -6/30 HPs)
             Began as a Barachi Fighter on Feb 12, 2022.
             Mangled by Sigmund (11 damage)
             ... on level 2 of the Dungeon on Feb 13, 2022.
             The game lasted 00:03:06 (1339 turns).

Dirian the Skirmisher (Barachi Fighter)             Turns: 1339, Time: 00:03:07

Health: -6/30      AC:  7    Str: 17    XL:     3   Next: 91%
Magic:  3/3        EV:  9    Int:  8    God:
Gold:   111        SH:  5    Dex: 13    Spells: 2/2 levels left

rFire   . . .      SeeInvis .   a - +0 long sword
rCold   . . .      Faith    .   c - +0 buckler
rNeg    . . .      Spirit   .   b - +0 scale mail
rPois   .          Reflect  .   (no helmet)
rElec   .          Harm     .   (no cloak)
rCorr   .          Rampage  .   (no gloves)
Will    .....                   (no boots)
Stlth   ..........              (no amulet)
HPRegen 0.10/turn               (no ring)
MPRegen 0.08/turn               (no ring)

@: invisible, slow
A: amphibious, slowness 1, strong legs 1, +LOS
a: Hop


You were on level 2 of the Dungeon.
You visited 1 branch of the dungeon, and saw 2 of its levels.

You collected 111 gold pieces.

Inventory:

Hand Weapons
 a - a +0 long sword (weapon)
Armour
 b - a +0 scale mail (worn)
 c - a +0 buckler (worn)
 j - a +0 plate armour
Jewellery
 g - a ring of ice
Potions
 e - a potion of degeneration {unknown}
 f - a potion of flight {unknown}
 h - a potion of heal wounds {unknown}
 i - a potion of brilliance {unknown}


   Skills:
 + Level 4.1 Fighting
 * Level 3.5 Long Blades
 + Level 4.0 Armour
 - Level 1.0 Dodging
 + Level 3.7 Shields


You had 2 spell levels left.
You didn't know any spells.
Your spell library contained the following spells:

 Spells                   Type           Power      Damage    Failure   Level
 Sublimation of Blood     Necr           0%         N/A       95%         2
 Wereblood                Tmut           0%         N/A       95%         2
 Summon Hydra             Summ           0%         N/A       100%        7


Dungeon Overview and Level Annotations

Branches:
Dungeon (2/15)

Altars:

Shops:
D:1 *

Annotations:
D:2 Sigmund


Innate Abilities, Weirdness & Mutations

You are amphibious.
You cover ground slowly.
You can hop short distances.
You have an extended range of vision and can be seen from far away.


Message History

You kill the frilled lizard!
You closely miss the kobold. The kobold closely misses you.
You hit the kobold but do no damage. The kobold hits you but does no damage.
You hit the kobold.
The kobold is moderately wounded.
The kobold barely misses you.
The kobold hits you with a +0 short sword.
You slash the kobold!
You kill the kobold!
No target in view!
You see here a +0 short sword.
A dart slug comes into view.
Sigmund shouts!
Sigmund casts a spell.
Sigmund flickers and vanishes!
Deactivating autopickup; reactivate with Ctrl-A.
You see here a potion of invisibility.
d - a potion of invisibility Something hits you!
The dart slug barely misses you.
You are too injured to fight recklessly!
You are too injured to fight recklessly!
You are too injured to fight recklessly!
You fade into invisibility!
You hit the dart slug.
The dart slug is moderately wounded.
The dart slug launches a dart at you. You block the slug dart.
You hear some strange, mumbled words.
A puff of flame appears from out of thin air!
The puff of flame hits the dart slug!
The dart slug dies!
Something hits you but does no damage.
Found a scroll labelled PEKHLY EROCH.
You barely miss something. Something hits you.
You miss something. Something hits you!
* * * LOW HITPOINT WARNING * * *
You barely miss something. Something hits you but does no damage.
You barely miss something. You miss something. Something hits you!
You die...

.# # ?.. #.
..###. ...#. #
#...# ...
#...########
....##..#......#
........#.{....#
#...@)...<#
#.#.......# ..
##......# .l.
... #......# .@
.... #.....<# .
... ######## ..
.


There were no monsters in sight!

Vanquished Creatures
  Terence (D:1)
  2 dart slugs (D:1)
  2 ball pythons (D:1)
  2 endoplasms (D:1)
  A giant cockroach (D:1)
  2 hobgoblins (D:1)
  6 kobolds
  A quokka (D:2)
  2 frilled lizards
  A goblin (D:1)
  5 rats (D:1)
25 creatures vanquished.

Vanquished Creatures (others)
  A dart slug (D:2)
1 creature vanquished.

Grand Total: 26 creatures vanquished

Notes
Turn   | Place    | Note
-------+----------+-------------------------------------------
     0 | D:1      | Dirian the Barachi Fighter began the quest for the Orb.
     0 | D:1      | Reached XP level 1. HP: 18/18 MP: 1/1
    20 | D:1      | Found Fiten's Assorted Antiques.
   162 | D:1      | Reached XP level 2. HP: 24/25 MP: 2/2
   647 | D:1      | Reached XP level 3. HP: 29/30 MP: 3/3
  1239 | D:2      | Noticed Terence
  1244 | D:2      | Noticed Sigmund
  1263 | D:1      | Killed Terence
  1264 | D:1      | Reached skill level 1 in Dodging
  1339 | D:2      | Mangled by Sigmund

Illustrated notes

Levels and vault maps discovered:
D:1:      onia_arrival_handbag, layout_basic, serial_shops, shop_fountains,
          minmay_misc_feat_more_columns, st_stairs_7,
          kennysheep_decorative_pillar, minmay_tall_x
D:2:      layout_rooms, shapermc_ecumenical_altar_ellora, uniq_terence,
          uniq_sigmund, uniq_crazy_yiuf_cottage

Skill      XL: |  1  2  3 |
---------------+----------+-----
Long Blades    | 3 |  3.5
Fighting       | 4 |  4.1
Armour         | 4 |  4.0
Dodging        | 1 |  1.0
Shields        | |  3.7

Action                   || total
-------------------------++-------
Melee: Long sword        ||    83
  Use: Potion            ||     2
Armor: Scale mail        ||    37
Dodge: Dodged            ||    41
Block: Buckler           ||    16
